 Dungeon Crawl Stone Soup version 0.18.1-48-g4cf74bf (webtiles) character file.

570 PossumBlood the Chopper (level 7, -10/56 HPs)
             Began as a Formicid Fighter on Aug 17, 2016.
             Was a Follower of Okawaru.
             Mangled by an ogre
             ... wielding a +0 giant spiked club
              (21 damage)
             ... on level 4 of the Dungeon.
             The game lasted 00:09:34 (3503 turns).

PossumBlood the Chopper (Formicid Fighter)          Turns: 3503, Time: 00:09:37

Health: -10/56     AC: 12    Str: 28    XL:     7   Next: 60%
Magic:  7/7        EV:  4    Int:  7    God:    Okawaru [*.....]
Gold:   162        SH:  8    Dex: 10    Spells: 0 memorised, 6 levels left

rFire  . . .     SeeInvis +     a - +1 war axe
rCold  . . .     Gourm    .     o - +1 plate armour
rNeg   . . .     Faith    +     c - +0 shield
rPois  .         Spirit   .     (helmet unavailable)
rElec  .         Dismiss  .     (no cloak)
rCorr  +         Reflect  .     p - +0 pair of gloves
SustAt .         Harm     .     (no boots)
MR     .....                    l - amulet of faith
Stlth  ..........               (no ring)
                                b - ring of resist corrosion

@: mighty, lethally poisoned (-10 -> -12), very heavily drained, not resistant
to hostile enchantments, extremely unstealthy
A: permanent stasis, dig shafts and tunnels, four strong arms, antennae 3
a: Dig, Shaft Self, Heroism, Renounce Religion


You were on level 4 of the Dungeon.
You worshipped Okawaru.
Okawaru was aware of your devotion.
You were hungry.

You visited 1 branch of the dungeon, and saw 4 of its levels.

You collected 162 gold pieces.

Inventory:

Hand Weapons
 a - a +1 war axe (weapon)
Missiles
 e - 9 tomahawks (quivered)
Armour
 c - a +0 shield (worn)
 o - a +1 plate armour (worn)
 p - a +0 pair of gloves (worn)
Jewellery
 b - a ring of resist corrosion (left hand)
 l - an amulet of faith (around neck)
Scrolls
 n - a scroll of magic mapping
 s - 2 scrolls of identify
 v - a scroll of remove curse
Potions
 d - a potion of might
 i - a potion of flight {unknown}
 j - 3 potions of brilliance {unknown}
 k - a potion of degeneration {unknown}
 m - a potion of lignification {unknown}
 q - 2 potions of resistance
 r - a potion of mutation {unknown}
Comestibles
 f - 3 bread rations
 t - 2 fruits
 u - a meat ration


   Skills:
 + Level 5.5(2.4) Fighting
 * Level 6.7(3.5) Axes
 - Level 3.2(0.4) Armour
 - Level 3.6(0.7) Shields


You had 6 spell levels left.
You didn't know any spells.

Dungeon Overview and Level Annotations

Branches:
Dungeon (4/15)
 Temple: D:4-7

Altars:
Ashenzari
Okawaru
Ru

Shops:
D:4 =


Innate Abilities, Weirdness & Mutations

You are under a permanent stasis effect.
You can dig through walls and to a lower floor.
Your four strong arms can wield two-handed weapons with a shield.
You have a pair of large antennae on your head (SInv).


Message History

You feel better.
The ogre hits you with a giant spiked club!
* * * LOW HITPOINT WARNING * * *
The adder barely misses you.
You hit the ogre but do no damage.
The ogre is severely wounded.
You miss the adder.
The adder is almost dead.
You block the adder's attack. You block the ogre's attack.
The adder bites you but does no damage.
Drink which item? (? for menu, Esc to quit)
Okay, then.
Drink which item? (? for menu, Esc to quit)
You feel very mighty all of a sudden. The adder bites you.
* * * LOW HITPOINT WARNING * * *
You are poisoned.
The adder poisons you!
The ogre hits you with a giant spiked club!!
You die...

#.#### ♣.♣.♣...♣
#....# #...♣♣.♣♣
####.# ##
♣.♣....# #.#
<##### #......#
#.# ###.#...
####..##
##.#####.....#
##.###
#......#.#...##.#
#.##.
#......#.#Sh....$
{ #..#.
#......>.@O#
##.#.
#......##.## #...
#########... ##..
##### { #.# #.#
#.. ##. #. ##


You could see an ogre, an adder and a jackal.

Vanquished Creatures
  The ghost of PossumBlood the Thaumaturge, an amateur DEWz (D:4)
  The ghost of PossumBlood the Magician, an amateur DEWz of Vehumet (D:3)
  A scorpion (D:4)
  An orc priest (D:4)
  An iguana (D:4)
  A hound skeleton (D:4)
  5 adders
  A river rat (D:3)
  An ooze (D:3)
  4 worms
  6 dart slugs
  13 orcs
  3 ball pythons
  8 giant cockroaches
  9 goblins
  6 hobgoblins
  9 jackals
  4 quokkas
  8 bats
  3 giant newts
  7 kobolds
  A quokka skeleton (D:4)
  10 rats
104 creatures vanquished.

Notes
Turn   | Place    | Note
--------------------------------------------------------------
     0 | D:1      | PossumBlood the Formicid Fighter began the quest for the Orb.
     0 | D:1      | Reached XP level 1. HP: 18/18 MP: 1/1
    58 | D:1      | Reached XP level 2. HP: 23/24 MP: 2/2
   176 | D:1      | Reached XP level 3. HP: 24/29 MP: 3/3
   178 | D:1      | Reached skill level 3 in Axes
   717 | D:2      | Reached XP level 4. HP: 34/37 MP: 4/4
  1350 | D:3      | Noticed PossumBlood's ghost (amateur DEWz)
  1373 | D:3      | Killed PossumBlood's ghost
  1373 | D:3      | Reached skill level 4 in Axes
  1373 | D:3      | Reached XP level 5. HP: 41/43 MP: 5/5
  1383 | D:3      | Found an iron altar of Okawaru.
  1390 | D:3      | Became a worshipper of Warmaster Okawaru
  1417 | D:3      | Reached XP level 6. HP: 49/49 MP: 6/6
  1430 | D:3      | Found a shattered altar of Ashenzari.
  1811 | D:3      | Reached skill level 5 in Axes
  2726 | D:4      | Found Ihideili's Jewellery Emporium.
  2729 | D:4      | Noticed PossumBlood's ghost (amateur DEWz)
  2762 | D:4      | Killed PossumBlood's ghost
  2762 | D:4      | Reached skill level 5 in Fighting
  2762 | D:4      | Reached skill level 6 in Axes
  2762 | D:4      | Reached XP level 7. HP: 28/56 MP: 7/7
  3091 | D:4      | Reached * piety under Okawaru
  3224 | D:4      | Found a sacrificial altar of Ru.
  3503 | D:4      | Mangled by an ogre

Skill      XL: |  1  2  3  4  5  6 |
---------------+-------------------+-----
Axes           | 3 4 6 |  6.7
Fighting       | 4 5 |  5.5
Armour         | |  3.2
Shields        | |  3.6

Action                   |  1- 3 |  4- 6 |  7- 9 || total
-------------------------+-------+-------+-------++-------
Melee: War axe           |    99 |   185 |    60 ||   344
 Abil: Dig               |     1 |       |       ||     1
  Use: Scroll            |       |    10 |     1 ||    11
       Potion            |       |       |     4 ||     4
  Eat: Bread ration      |       |     1 |       ||     1
       Fruit             |       |     2 |     1 ||     3
       Beef jerky        |       |       |     1 ||     1
Armor: Scale mail        |    31 |       |       ||    31
       Plate armour      |    11 |   127 |    52 ||   190
Dodge: Dodged            |    36 |    37 |     8 ||    81
Block: Shield            |    44 |    85 |    35 ||   164
